 Seeded DCSS version 0.30-a0-739-gea05faddec (webtiles) character file.

Game seed: 5430720872467839093 (custom seed)

30257 hbarley the Severer (level 13, -4/127 HPs)
             Began as a Hill Orc Fighter on Feb 5, 2023.
             Was a High Priest of Uskayaw.
             Killed from afar by a manticore (18 damage)
             ... with a volley of spikes
             ... on level 13 of the Dungeon.
             The game lasted 00:47:07 (11617 turns).

hbarley the Severer (Hill Orc Fighter)             Turns: 11617, Time: 00:47:08

Health: -4/127     AC: 21    Str: 24    XL:     13   Next: 50%
Magic:  13/13      EV: 10    Int:  4    God:    Uskayaw [*****.]
Gold:   583        SH: 11    Dex: 12    Spells: 12/12 levels left

rFire   + . .      SeeInvis +    s - +6 broad axe "Cuxtir" {drain, +Blink rN+}
rCold   + . .      Faith    .    c - +0 buckler
rNeg    + . .      Spirit   .    Y - +1 chain mail of the Chupacabra {rC+ Regen+ rCorr}
rPois   .          Reflect  +    b - +1 helmet
rElec   +          Harm     .    (no cloak)
rCorr   +          Rampage  .    (no gloves)
Will    ++...                    a - +2 pair of boots {rF+}
Stlth   +                        m - amulet of reflection
HPRegen 1.21/turn                v - ring of Lychikif {Will++ Str+2 Int-4 Slay+4 SInv}
MPRegen 0.13/turn                u - ring "Waerryoro" {rElec rCorr AC+4}

@: lethally poisoned (-4 -> -6), spiked
A: no striking features
a: Renounce Religion, Evoke Blink, Stomp, Line Pass, Grand Finale


You were on level 13 of the Dungeon.
You worshipped Uskayaw.
Uskayaw was noncommittal.
You visited 2 branches of the dungeon, and saw 14 of its levels.
You also visited: Gauntlet.

You collected 933 gold pieces.
You spent 350 gold pieces at shops.

Inventory:

Hand Weapons
 h - the +5 consecrated labrys {holy, Valiant Fragile Fly SInv}
   (You took it off a minotaur in a Gauntlet)

   Valiant:   It becomes more powerful as more dangerous foes come into view.
   SInv:      It lets you see invisible.
   Fly:       It grants you flight.
   Fragile:   It will be destroyed if unequipped.
 s - the +6 broad axe "Cuxtir" (weapon) {drain, +Blink rN+}
   (You acquired it on level 2 of the Dungeon)

   rN:        It protects you from negative energy.
   +Blink:    It lets you blink.
Missiles
 C - 34 poisoned darts (quivered)
Armour
 a - a +2 pair of boots of fire resistance (worn)
 b - a +1 helmet (worn)
 c - a +0 buckler (worn)
 t - the +1 swamp dragon scales of Yvurch Reblo {rPois rF+}
   (You acquired it on level 2 of the Dungeon)

   rF:        It protects you from fire.
   rPois:     It protects you from poison.
 Y - the +1 chain mail of the Chupacabra (worn) {rC+ Regen+ rCorr}
   (You took it off a minotaur in a Gauntlet)

   rC:        It protects you from cold.
   Regen:     It increases your rate of health regeneration.
   rCorr:     It protects you from acid and corrosion.
Jewellery
 m - an amulet of reflection (around neck)
 q - a ring of protection from cold
 u - the ring "Waerryoro" (right hand) {rElec rCorr AC+4}
   (You acquired it on level 2 of the Dungeon)

   [ring of protection]

   AC:        It affects your AC (+4).
   rElec:     It insulates you from electricity.
   rCorr:     It protects you from acid and corrosion.
 v - the ring of Lychikif (left hand) {Will++ Str+2 Int-4 Slay+4 SInv}
   (You acquired it on level 2 of the Dungeon)

   [ring of slaying]

   Str:       It affects your strength (+2).
   Int:       It affects your intelligence (-4).
   Slay:      It affects your accuracy & damage with ranged weapons and melee
   (+4).
   SInv:      It lets you see invisible.
   Will:      It greatly increases your willpower.
 y - a ring of poison resistance
 G - a ring of positive energy
 R - a ring of protection from fire
 S - a +4 ring of slaying
 W - a ring of willpower
Wands
 j - a wand of digging (9)
 w - a wand of mindburst (18)
 F - a wand of roots (4)
 N - a wand of quicksilver (2)
 P - a wand of flame (21)
 V - a wand of polymorph (16)
 X - a wand of paralysis (11)
Scrolls
 f - 3 scrolls of teleportation
 k - 2 scrolls of torment {unknown}
 l - a scroll of identify
 n - 2 scrolls of brand weapon {unknown}
 o - a scroll of fog {unknown}
 p - 4 scrolls of immolation {unknown}
 r - 5 scrolls of enchant armour
 B - a scroll of silence {unknown}
 E - 2 scrolls of poison {unknown}
 H - a scroll of butterflies {unknown}
 I - 3 scrolls of blinking {unknown}
 K - 4 scrolls of magic mapping
 O - 3 scrolls of enchant weapon {unknown}
 Q - 2 scrolls of fear {unknown}
Potions
 d - a potion of might
 e - a potion of mutation {unknown}
 g - 3 potions of attraction {unknown}
 i - 8 potions of curing
 x - 4 potions of lignification {unknown}
 z - a potion of ambrosia {unknown}
 A - 4 potions of degeneration {unknown}
 D - 4 potions of berserk rage
 J - 2 potions of brilliance {unknown}
 L - a potion of magic {unknown}
 M - 2 potions of resistance
 T - 2 potions of heal wounds {unknown}
 U - 2 potions of flight {unknown}
 Z - a potion of haste {unknown}


   Skills:
 + Level 15.3 Fighting
 + Level 19.1 Axes
 + Level 7.8 Armour
 + Level 5.1 Dodging
 + Level 8.4 Stealth
 + Level 7.8 Shields
 + Level 0.7 Evocations


You had 12 spell levels left.
You didn't know any spells.
Your spell library contained the following spells:

 Spells                   Type           Power      Damage    Failure   Level
 Kiss of Death            Conj/Necr      0%         2d5       99%         1
 Slow                     Hex            0%         N/A       99%         1
 Sting                    Tmut/Pois      0%         1d3       99%         1
 Blink                    Tloc           0%         N/A       99%         2
 Cigotuvi's Dreadful Rot  Necr/Pois/Air  0%         N/A       99%         2
 Poisonous Vapours        Pois/Air       0%         N/A       99%         2
 Static Discharge         Conj/Air       0%         2-2/arc   99%         2
 Confusing Touch          Hex            0%         N/A       100%        3
 Inner Flame              Hex/Fire       0%         N/A       100%        3
 Ozocubu's Armour         Ice            0%         N/A       100%        3
 Vampiric Draining        Necr           0%         2d6       100%        3
 Vhi's Electric Charge    Tloc/Air       0%         N/A       100%        3
 Dispel Undead            Necr           0%         3d6       100%        4
 Flame Wave               Conj/Fire      0%         2d4       100%        4
 Manifold Assault         Tloc           0%         N/A       100%        4
 Olgreb's Toxic Radiance  Pois           0%         N/A       100%        4
 Sticky Flame             Conj/Fire      0%         2d3       100%        4
 Arcjolt                  Conj/Air       0%         1d10      100%        5
 Lightning Bolt           Conj/Air       0%         1d11      100%        5
 Death Channel            Necr           0%         N/A       100%        6
 Ozocubu's Refrigeration  Ice            0%         4d7       100%        7
 Storm Form               Tmut/Air       0%         N/A       100%        7


Dungeon Overview and Level Annotations

Branches:
Dungeon (13/15)            Temple (1/1) D:4            Lair (0/5) D:11
    Orc (0/2) D:11         Vaults (0/5) D:13        Gauntlet (visited)

Altars:
Ashenzari
Cheibriados
Dithmenos
Elyvilon
Fedhas
Gozag
Hepliaklqana
Kikubaaqudgha
Makhleb
Nemelex Xobeh
Okawaru
Qazlal
Ru
Sif Muna
Trog
Uskayaw
Vehumet
Wu Jian
Xom
Yredelemnul
Zin
The Shining One

Shops:
D:2 ?   D:9 *   D:13 (

Annotations:
D:4 1 runed translucent door, jimonade's ghost, amateur GnBr
D:13 Nessos


Message History

* * * LOW HITPOINT WARNING * * *
The nine-headed hydra completely misses you.
The nine-headed hydra bites you but does no damage.
You block the nine-headed hydra's attack.
The nine-headed hydra bites you but does no damage.
You slice one of the nine-headed hydra's heads off!
The eight-headed hydra grows two more!
You slice the ten-headed hydra!! You drain the ten-headed hydra.
The ten-headed hydra is almost dead.
You slash Nessos!
You feel very sick.
Nessos unwields a +1 longbow of flaming.
It stops flaming.
You block Nessos's attack. x2
The manticore flicks its tail.
The volley of spikes hits you.
The barbed spikes become lodged in your body.
* * * LOW HITPOINT WARNING * * *
Nessos hits you but does no damage. Nessos barely misses you.
The ten-headed hydra bites you but does no damage.
The ten-headed hydra closely misses you.
The ten-headed hydra bites you!
* * * LOW HITPOINT WARNING * * *
The ten-headed hydra barely misses you.
The ten-headed hydra bites you but does no damage.
The ten-headed hydra bites you.
* * * LOW HITPOINT WARNING * * *
The ten-headed hydra bites you.
* * * LOW HITPOINT WARNING * * *
The ten-headed hydra bites you but does no damage.
You block the ten-headed hydra's attack.
The ten-headed hydra bites you but does no damage.
You slice one of the ten-headed hydra's heads off!
The nine-headed hydra grows two more!
You slice the 11-headed hydra!!
You kill the 11-headed hydra!
You hit Nessos.
You feel sick. Nessos hits you but does no damage.
Nessos kicks you but does no damage.
The manticore flicks its tail.
The volley of spikes hits you!!
The barbed spikes become lodged in your body.
You die...

......# #......
........#.......
#...............
...$.........H..
.................
..................
........c(........
........@....###..< #
#............###....
#############........###....
#[#)#)#)#[#)####.$....).....
#'#'#'#'#'#'####............
'...........####.(=.........
÷..........∩#...............
')..........#.............##
#'#'#'#'#'#+#......>∩.....##


You could see Nessos (fast, extremely poisoned) and a manticore.

Vanquished Creatures
  A minotaur (Gauntlet)
  Snorg (D:13)
  4 vault guards (D:13)
  A hydra (D:13)
  6 two-headed ogres
  A centaur warrior (D:13)
  A tengu warrior (D:13)
  A boulder beetle (D:12)
  A soul eater (Gauntlet)
  A death drake (Gauntlet)
  A necromancer (Gauntlet)
  A deep elf pyromancer (D:13)
  An ugly thing (D:11)
  2 cyclopes
  2 manticores
  A centaur zombie (Gauntlet)
  Joseph (D:8)
  A gargoyle (D:11)
  Psyche (D:8)
  A komodo dragon (D:11)
  3 trolls
  A hornet (D:8)
  3 slime creatures (D:12)
  A wraith (D:9)
  2 shadows
  36 yaks
  A wyvern (D:8)
  A water elemental (D:11)
  8 humans (D:13)
  4 vampire mosquitoes (D:13)
  2 acid dragons
  3 water moccasins
  Duvessa (D:5)
  10 orc warriors
  A hornet zombie (Gauntlet)
  2 ice beasts
  A sky beast (D:7)
  12 centaurs
  An ogre (D:7)
  4 wolves (Gauntlet)
  2 kobold brigands
  Blork the orc (D:4)
  5 bullfrogs
  6 gnoll sergeants
  3 scorpions
  4 necrophages
  Dowan (D:5)
  5 wights
  5 howler monkeys
  10 electric eels
  A crimson imp (D:7)
  A gnoll bouda (D:6)
  9 orc priests
  4 hounds
  A jelly (D:6)
  3 iguanas
  A boggart zombie (Gauntlet)
  17 orc wizards
  36 gnolls
  10 adders
  3 shadow imps
  6 white imps
  An ufetubus (D:5)
  3 worms (D:4)
  A dart slug (D:4)
  48 orcs
  3 bats
  8 endoplasms
  3 giant cockroaches
  7 hobgoblins
  7 jackals
  12 kobolds
  5 quokkas
  8 ball pythons
  2 frilled lizards
  4 goblins
  3 rats
376 creatures vanquished.

Vanquished Creatures (others)
  A wizard (D:8)
  22 withered plants (Gauntlet)
23 creatures vanquished.

Grand Total: 399 creatures vanquished

Notes
Turn   | Place    | Note
-------+----------+-------------------------------------------
     0 | D:1      | hbarley the Hill Orc Fighter began the quest for the Orb.
     0 | D:1      | Reached XP level 1. HP: 19/19 MP: 1/1
    60 | D:1      | Reached XP level 2. HP: 26/27 MP: 2/2
   210 | D:1      | Reached skill level 3 in Axes
   849 | D:1      | Reached XP level 3. HP: 33/33 MP: 3/3
  1105 | D:2      | Found Doddoiw's Magic Scroll Shoppe.
  1113 | D:2      | Bought a scroll of identify for 28 gold pieces
  1202 | D:2      | Noticed a necrophage
  1208 | D:2      | Killed a necrophage
  1209 | D:2      | Reached skill level 4 in Axes
  1209 | D:2      | Reached XP level 4. HP: 37/40 MP: 4/4
  1352 | D:2      | Reached XP level 5. HP: 16/46 MP: 5/5
  1717 | D:2      | Identified 4 scrolls of acquirement
  1718 | D:2      | Acquired the ring "Waerryoro" {rElec rCorr AC+4}
  1719 | D:2      | Acquired the +1 swamp dragon scales of Yvurch Reblo {rPois
                  | rF+}
  1721 | D:2      | Acquired the +6 broad axe "Cuxtir" {drain, +Blink rN+}
  1722 | D:2      | Acquired the ring of Lychikif {Will++ Str+2 Int-4 Slay+4
                  | SInv}
  1768 | D:3      | Reached skill level 5 in Axes
  1780 | D:3      | Identified the +3 short sword of the Manifold Quests
                  | {flame, rElec Int+5}
  1876 | D:3      | Reached XP level 6. HP: 36/53 MP: 6/6
  1880 | D:3      | Reached skill level 6 in Axes
  1890 | D:3      | Reached skill level 1 in Dodging
  1986 | D:3      | Found an iron altar of Okawaru.
  2200 | D:3      | Found a faded altar of an unknown god.
  2319 | D:3      | Identified the +2 robe of Binutifa {rPois Dex+5}
  2746 | D:4      | Found a runed translucent door.
  2747 | D:4      | Found a staircase to the Ecumenical Temple.
  2757 | Temple   | Entered the Ecumenical Temple
  2835 | Temple   | Became a worshipper of Uskayaw the Reveller
  3010 | D:4      | Noticed jimonade's ghost (amateur GnBr)
  3039 | D:4      | Reached * piety under Uskayaw
  3074 | D:4      | Reached ** piety under Uskayaw
  3075 | D:4      | Reached skill level 5 in Fighting
  3075 | D:4      | Reached XP level 7. HP: 58/61 MP: 7/7
  3108 | D:4      | Reached skill level 7 in Axes
  3145 | D:4      | Noticed Blork the orc
  3152 | D:4      | Killed Blork the orc
  3154 | D:4      | Reached *** piety under Uskayaw
  3541 | D:5      | Entered Level 5 of the Dungeon
  3542 | D:5      | Noticed a two-headed ogre
  3550 | D:5      | Killed a two-headed ogre
  3551 | D:5      | Reached skill level 9 in Axes
  3551 | D:5      | Reached skill level 5 in Armour
  3551 | D:5      | Reached skill level 1 in Stealth
  3551 | D:5      | Reached XP level 8. HP: 38/71 MP: 8/8
  3795 | D:5      | Reached skill level 10 in Axes
  4027 | D:5      | Noticed Dowan
  4028 | D:5      | Noticed Duvessa
  4034 | D:5      | Killed Dowan
  4038 | D:5      | Killed Duvessa
  4038 | D:5      | Reached **** piety under Uskayaw
  4367 | D:6      | Reached skill level 11 in Axes
  4367 | D:6      | Reached XP level 9. HP: 71/79 MP: 9/9
  4507 | D:6      | Noticed a two-headed ogre
  4513 | D:6      | Killed a two-headed ogre
  4606 | D:6      | Found an opulent altar of Gozag.
  4621 | D:6      | Found a broken altar of Ashenzari.
  4685 | D:6      | Found a white marble altar of Elyvilon.
  4685 | D:6      | Found an ancient bone altar of Kikubaaqudgha.
  4689 | D:6      | Found a blossoming altar of Fedhas.
  4689 | D:6      | Found a burning altar of Makhleb.
  4775 | D:6      | Reached skill level 12 in Axes
  4789 | D:6      | Reached skill level 5 in Shields
  4797 | D:6      | Reached ***** piety under Uskayaw
  5309 | D:7      | Reached XP level 10. HP: 90/90 MP: 10/10
  5406 | D:7      | Reached skill level 13 in Axes
  5911 | D:8      | Noticed Joseph
  5925 | D:8      | Killed Joseph
  6041 | D:8      | Noticed Psyche
  6047 | D:8      | Reached skill level 14 in Axes
  6052 | D:8      | Killed Psyche
  6052 | D:8      | Reached ****** piety under Uskayaw
  6053 | D:8      | Reached skill level 10 in Fighting
  6376 | D:8      | Found a bloodstained altar of Trog.
  6730 | D:8      | Reached skill level 5 in Stealth
  6732 | D:8      | Reached XP level 11. HP: 101/101 MP: 11/11
  6734 | D:8      | Reached skill level 15 in Axes
  6949 | D:8      | Noticed a wizard
  6954 | D:8      | Killed a wizard
  7005 | D:9      | Noticed a manticore
  7012 | D:9      | Noticed a cyclops
  7013 | D:9      | Killed a manticore
  7021 | D:9      | Killed a cyclops
  7521 | D:9      | Found a stormy altar of Qazlal.
  7690 | D:9      | Reached skill level 16 in Axes
  7822 | D:9      | Found Ysacrel's Fire Supplies.
  7831 | D:9      | Bought a +2 pair of boots of fire resistance for 322 gold
                  | pieces
  8220 | D:10     | Entered Level 10 of the Dungeon
  8357 | D:10     | Noticed a two-headed ogre
  8365 | D:10     | Killed a two-headed ogre
  8493 | D:10     | Noticed a two-headed ogre
  8499 | D:10     | Killed a two-headed ogre
  8615 | D:10     | Reached XP level 12. HP: 96/113 MP: 12/12
  8782 | D:11     | Reached skill level 17 in Axes
  8932 | D:11     | Found a staircase to the Orcish Mines.
  9093 | D:11     | Found a staircase to the Lair.
  9818 | D:12     | Noticed a two-headed ogre
  9824 | D:12     | Killed a two-headed ogre
  9891 | D:12     | Reached skill level 18 in Axes
 10103 | D:12     | Noticed a two-headed ogre
 10110 | D:12     | Killed a two-headed ogre
 10117 | D:12     | Noticed a boulder beetle
 10121 | D:12     | Killed a boulder beetle
 10401 | D:13     | Found Wadar's Antique Weapon Emporium.
 10406 | D:13     | Noticed a centaur warrior
 10409 | D:13     | Noticed a vault guard
 10413 | D:13     | Killed a centaur warrior
 10414 | D:13     | Reached XP level 13. HP: 116/125 MP: 13/13
 10414 | D:13     | Noticed a vault guard
 10416 | D:13     | Noticed a vault guard
 10421 | D:13     | Killed a vault guard
 10422 | D:13     | Noticed a vault guard
 10425 | D:13     | Killed a vault guard
 10433 | D:13     | Reached skill level 5 in Dodging
 10433 | D:13     | Killed a vault guard
 10436 | D:13     | Killed a vault guard
 10437 | D:13     | Reached skill level 15 in Fighting
 10622 | D:13     | Found a gate to the Vaults.
 10722 | D:13     | Found a gate leading to a gauntlet.
 10731 | Gauntlet | Entered a Gauntlet
 10731 | Gauntlet | Found a transporter.
 10750 | Gauntlet | Found a transporter.
 10755 | Gauntlet | Found a transporter.
 10760 | Gauntlet | Found a transporter.
 10775 | Gauntlet | Found a transporter.
 10794 | Gauntlet | Found a transporter.
 10806 | Gauntlet | Found a transporter.
 10818 | Gauntlet | Found a transporter.
 10830 | Gauntlet | Found a transporter.
 10842 | Gauntlet | Found a transporter.
 10859 | Gauntlet | Found a transporter.
 10859 | Gauntlet | Found a transporter.
 10879 | Gauntlet | Found a transporter.
 10899 | Gauntlet | Found a transporter.
 10921 | Gauntlet | Found a transporter.
 10998 | Gauntlet | Found a transporter.
 11025 | Gauntlet | Found a transporter.
 11066 | Gauntlet | Found a transporter.
 11447 | Gauntlet | Identified the +6 longbow of the Inferno {speed, Str+8}
 11447 | Gauntlet | Identified the +1 chain mail of the Chupacabra {rC+ Regen+
                  | rCorr}
 11447 | Gauntlet | Noticed a minotaur
 11457 | Gauntlet | Killed a minotaur
 11458 | Gauntlet | Reached skill level 19 in Axes
 11554 | Gauntlet | Identified the +6 spear "Killer Bee's Peril" {heavy, Int-3
                  | SInv Stlth+}
 11599 | D:13     | Noticed Snorg
 11603 | D:13     | Noticed Nessos
 11607 | D:13     | Killed Snorg
 11617 | D:13     | Killed from afar by a manticore

Illustrated notes

Levels and vault maps discovered:
D:1:      dpeg_arrival_boxes_within_box, layout_basic
D:2:      layout_loops_ring, serial_shops, shop, nicolae_kite_square_tiling_tiny
D:3:      layout_rooms, okawaru_metal_pillars_3, ebering_ecumenical_altar_rust
D:4:      layout_basic, minmay_temple_entry_overgrown, ebering_ghost_sewer_d,
          minmay_manual_monstrance, uniq_blork_the_orc
D:5:      layout_basic, uniq_duvessa
D:6:      layout_gridville, mainiacjoe_overflow_tiny_flanked,
          grunt_temple_overflow_open, cheibrodos_ashenzari_chains, minivault_5,
          minmay_pentangle
D:7:      layout_cave_pools, minmay_fire_ice_demons
D:8:      layout_basic, trog_wizard, chequers_serial_rivers_marsh, uniq_psyche,
          uniq_joseph
D:9:      minmay_ornate_pinched, layout_basic, general_overflow_altar,
          roderic_serpentine_path, nicolae_shop_fire_sale
          [nicolae_sub_dead_trees], minmay_crystal_water, grunt_ministairs_1
D:10:     layout_cave_pools, dk_noncrumbling_3
D:11:     layout_cave_pools, lair_entry_dummy, erik_orc_2
D:12:     layout_rooms, minivault_10
D:13:     layout_big_octagon, ximxim_vaults_locker_room, gauntlet_entry_generic,
          serial_shops, shop, kennysheep_doodads, uniq_snorg, uniq_nessos
Temple:   oiseaux_autumnal_temple

Skill      XL: |  1  2  3  4  5  6  7  8  9 10 11 12 13 |
---------------+----------------------------------------+-----
Axes           | 3 4 5 6 9 11 12 14 16 18 19 | 19.1
Fighting       | 4 5 6 7 8 10 12 14 15 | 15.3
Shields        | 4 5 6 7 |  7.8
Dodging        | 1 2 3 4 5 |  5.1
Armour         | 4 5 6 7 |  7.8
Stealth        | 1 2 3 5 6 7 8 |  8.4
Evocations     | |  0.7

Action                     |  1- 3 |  4- 6 |  7- 9 | 10-12 | 13-15 || total
---------------------------+-------+-------+-------+-------+-------++-------
  Melee: War axe           |    66 |    36 |       |       |       ||   102
         Broad axe         |       |    66 |   126 |   306 |    62 ||   560
  Evoke: Wand              |       |       |       |     4 |     1 ||     5
    Use: Scroll            |       |     5 |       |     6 |     1 ||    12
         Potion            |       |       |       |       |     1 ||     1
   Stab: Paralysed         |       |       |     9 |    35 |     3 ||    47
         Sleeping          |       |       |       |     3 |       ||     3
 Armour: Scale mail        |    36 |    25 |       |       |       ||    61
         Swamp dragon scal |       |    33 |    52 |   116 |    16 ||   217
         Chain mail        |       |       |       |       |    21 ||    21
  Dodge: Dodged            |    32 |    67 |    66 |   198 |    23 ||   386
  Block: Buckler           |    19 |    28 |    30 |    92 |    33 ||   202
         Reflection        |       |       |       |     2 |     3 ||     5

Table legend: (Time is in decaauts)
 A = Elapsed time spent in this place.
 B = Non-inter-level travel time spent in this place.
 C = Inter-level travel time spent in this place.
 D = Time resting spent in this place.
 E = Time spent auto-exploring this place.
 F = Levels seen in this place.
 G = Mean time per level.
                   A        B        C        D        E       F      G
               +--------+--------+--------+--------+--------+-----+--------+
         Total |  11657 |  10932 |    725 |   1035 |   7982 |  15 |  777.1 |
       Dungeon |  10547 |   9973 |    574 |    731 |   7588 |  13 |  811.3 |
        Temple |    234 |     83 |    151 |      0 |     71 |   1 |  234.0 |
      Gauntlet |    875 |    875 |      0 |    304 |    323 |   1 |  875.0 |
               +--------+--------+--------+--------+--------+-----+--------+

Top non-repeatable levels by time:
     D:9: 1233 daAuts
     D:8: 1141 daAuts
     D:1: 1043 daAuts
     D:6: 1018 daAuts
    D:11: 955 daAuts
     D:4: 943 daAuts
Gauntlet: 875 daAuts
     D:2: 754 daAuts
     D:5: 751 daAuts
     D:3: 629 daAuts
    D:12: 601 daAuts
     D:7: 550 daAuts
    D:10: 540 daAuts
    D:13: 384 daAuts
  Temple: 234 daAuts
